 Dungeon Crawl Stone Soup version 0.24.0-37-gcf1ca852f1 (webtiles) character file.

Game seed: 3707160095957066812, levelgen mode: deterministic

191841 mopl the Unseen (level 19, -10/107 HPs)
             Began as a Kobold Enchanter on Nov 11, 2019.
             Was a High Priest of Dithmenos.
             Killed from afar by a thorn hunter (27 damage)
             ... with a volley of thorns
             ... on level 4 of the Swamp on Nov 29, 2019.
             The game lasted 01:58:24 (30047 turns).

mopl the Unseen (Kobold Enchanter)                 Turns: 30047, Time: 01:58:24

Health: -10/107    AC: 13    Str:  7    XL:     19   Next: 37%
Magic:  15/28      EV: 27    Int: 22    God:    Dithmenos [*****.]
Gold:   2757       SH:  0    Dex: 21    Spells: 11/30 levels left

rFire    . . .     SeeInvis .   a - +2 dagger (elec)
rCold    . . .     Gourm    .   (shield restricted)
rNeg     . . .     Faith    .   q - +0 robe of Spite {+Fly MR+ Slay+3} (curse)
rPois    +         Spirit   .   C - +5 helmet of the Tired Wars {Dex+5}
rElec    .         Reflect  .   o - +0 cloak of Dyspraxia {rPois}
rCorr    .         Harm     .   O - +0 pair of gloves
MR       ++...                  w - +2 pair of boots {Stlth+}
Stlth    ++++++++++             m - amulet of regeneration
HPRegen  0.67/turn              F - +4 ring of evasion
MPRegen  0.21/turn              (no ring)

@: wreathed by umbra
A: small, carnivore
a: Shadow Step, Shadow Form, Renounce Religion, Evoke Flight


You were on level 4 of the Swamp.
You worshipped Dithmenos.
Dithmenos was extremely pleased with you.
You were full.

You visited 5 branches of the dungeon, and saw 28 of its levels.
You also visited: Ossuary, Bailey, Gauntlet and Ice Cave.

You collected 4315 gold pieces.
You spent 1558 gold pieces at shops.

Inventory:

Hand Weapons
 a - a +2 dagger of electrocution (weapon)
 b - a +9 quick blade of venom
 G - a +2 dagger of venom
Missiles
 s - 11 atropa-tipped darts
 x - 8 boomerangs of dispersal
 Q - 53 boomerangs (quivered)
 R - 18 curare-tipped darts
 T - 11 throwing nets
Armour
 k - a +2 shield of cold resistance
 o - the +0 cloak of Dyspraxia (worn) {rPois}
   (You acquired it on level 13 of the Dungeon)

   It protects you from poison.
 q - the cursed +0 robe of Spite (worn) {+Fly MR+ Slay+3}
   (You found it on level 2 of the Swamp)

   It affects your accuracy and damage with ranged weapons and melee attacks
   (+3).
   It affects your resistance to hostile enchantments.
   It lets you fly.
   It has a curse placed upon it.
 w - a +2 pair of boots of stealth (worn)
 C - the +5 helmet of the Tired Wars (worn) {Dex+5}
   (You found it in a Gauntlet)

   It affects your dexterity (+5).
 H - a scarf of repulsion
 O - a +0 pair of gloves (worn)
 X - a +2 robe of fire resistance
Jewellery
 m - an amulet of regeneration (around neck)
 n - an uncursed ring of see invisible
 z - the ring "Isassoudd" {Wiz rF+}
   (You found it in an ice cave)

   [ring of wizardry]

   It improves your spell success rate.
   It protects you from fire.
 F - a +4 ring of evasion (left hand)
Wands
 g - a wand of acid (13)
 v - a wand of disintegration (23)
 A - a wand of polymorph (20)
 J - a wand of paralysis (20)
 K - a wand of flame (99)
 L - a wand of enslavement (11)
 U - a wand of digging (12)
 Y - a wand of iceblast (31)
Scrolls
 c - 2 scrolls of enchant weapon
 e - 13 scrolls of remove curse
 h - 7 scrolls of teleportation
 t - 9 scrolls of identify
 y - 3 scrolls of fear
 P - 3 scrolls of magic mapping
 V - 3 scrolls of fog
 W - a scroll of silence
Potions
 f - 7 potions of resistance
 i - 8 potions of flight
 j - 6 potions of brilliance
 l - 32 potions of curing
 p - 5 potions of ambrosia
 r - 12 potions of heal wounds
 D - 5 potions of haste
 E - 2 potions of cancellation
 I - a potion of agility
 M - 12 potions of might
 S - 2 potions of magic
Miscellaneous
 u - a lightning rod (4/4)
Comestibles
 d - 47 rations


   Skills:
 + Level 7.8 Fighting
 - Level 14.0 Short Blades
 + Level 11.0 Throwing
 + Level 9.2 Dodging
 - Level 20.0 Stealth
 * Level 5.8 Shields
 - Level 6.0 Spellcasting
 - Level 2.0 Conjurations
 - Level 15.0 Hexes
 - Level 6.0 Ice Magic
 * Level 12.1 Invocations
 + Level 8.2 Evocations


You had 11 spell levels left.
You knew the following spells:

 Your Spells              Type           Power        Failure   Level  Hunger
a - Corona                Hex            ######.      1%          1    None
b - Ensorcelled Hibernat  Hex/Ice        ######       1%          2    None
c - Confuse               Hex            ######..     1%          3    #......
d - Tukima's Dance        Hex            ######..     1%          3    #......
e - Apportation           Tloc           #.....       9%          1    None
g - Dazzling Spray        Conj/Hex       #####.       1%          3    #......
i - Invisibility          Hex            ######..     3%          6    ######.

Your spell library contained the following spells:

 Spells                   Type           Power        Failure   Level  Hunger
 Fulminant Prism          Conj/Hex       #####.....   2%          4    ###....
 Magic Dart               Conj           ###.         4%          1    None
 Searing Ray              Conj           ###...       6%          2    None
 Summon Butterflies       Summ           #.......     9%          1    None
 Poisonous Vapours        Pois/Air       #.....       14%         2    None
 Conjure Flame            Conj/Fire      ##......     19%         3    #......
 Mephitic Cloud           Conj/Pois/Air  #.......     21%         3    #......
 Lesser Beckoning         Tloc           #.........   26%         3    #......
 Iskenderun's Mystic Bla  Conj           ###.....     36%         4    ###....
 Force Lance              Conj/Tloc      ##......     52%         4    ###....
 Iskenderun's Battlesphe  Conj/Chrm      ##......     86%         5    #####..
 Venom Bolt               Conj/Pois      ##........   86%         5    #####..
 Bolt of Magma            Conj/Fire/Erth #.........   88%         5    #####..
 Alistair's Intoxication  Tmut/Pois      #.......     94%         5    #####..
 Freezing Cloud           Conj/Ice/Air   ###.......   99%         6    ######.
 Iron Shot                Conj/Erth      ##........   100%        6    ######.
 Orb of Destruction       Conj           ###.......   100%        7    #######
 Ring of Flames           Chrm/Fire      #.........   100%        7    #######
 Spellforged Servitor     Conj/Summ      ##........   100%        7    #######


Dungeon Overview and Level Annotations

Branches:
Dungeon (15/15)            Temple (1/1) D:5            Lair (6/6) D:8
  Swamp (4/4) Lair:3        Snake (0/4) Lair:4        Slime (0/5) Lair:6
    Orc (2/2) D:9             Elf (0/3) Orc:2        Depths (0/5) D:15
Ossuary (visited)          Bailey (visited)           IceCv (visited)
Gauntlet (visited)
 Vaults: D:13-14

Altars:
Ashenzari
Cheibriados
Dithmenos
Elyvilon
Fedhas
Gozag
Hepliaklqana
Kikubaaqudgha
Makhleb
Nemelex Xobeh
Okawaru
Qazlal
Ru
Sif Muna
Trog
Uskayaw
Vehumet
Wu Jian
Xom
Yredelemnul
Zin
The Shining One
Jiyva

Shops:
D:4 }[(:(   D:13 %   D:14 ?   Orc:1 [*   Orc:2 !=:*

Annotations:
D:8 2 runed translucent doors, exclusion: orange crystal statue
D:12 Rupert
D:13 2 exclusions
Swamp:4 Roxanne


Innate Abilities, Weirdness & Mutations

You are small and have problems with some larger weapons.
You are carnivorous and can eat meat at any time.


Message History

The thorn hunter is splashed with acid.
The thorn hunter is severely damaged.
The swamp worm throws harpoon shot at you.
The harpoon shot hits you!
You are yanked forward by the harpoon shot.
The thorn hunter fires a volley of thorns at you.
The volley of thorns hits you!!!
* * * LOW HITPOINT WARNING * * *
The swamp worm closely misses you.
Unknown command.
You feel much better.
The thorn hunter is engulfed in a cloud of scalding steam.
The thorn hunter fires a volley of thorns at you.
The volley of thorns hits you!
* * * LOW HITPOINT WARNING * * *
The swamp worm closely misses you.
The thorn hunter is engulfed in a cloud of scalding steam.
The thorn hunter fires a volley of thorns at you.
The volley of thorns hits you!!
You die...

.≈♣♣♣♣ ##..♣≈.≈.##
≈≈≈≈..♣
##..#####..##
≈≈≈≈..♣
##.≈##?[≈##≈≈#
≈≈≈§≈≈≈ #[≈##
≈≈.≈##≈.# ≈≈≈≈≈≈♣ #
#≈.# .≈≈(≈#≈.#
≈≈≈≈.≈≈ #.≈ #.≈##
.≈≈.##≈≈# ≈≈≈≈≈≈♣
#..≈#.≈.# §..# ..≈≈
≈≈≈≈≈≈.
#..≈≈.≈##†..♣#...##
≈≈≈≈≈≈
###♣#w@...f...≈.##
≈≈≈≈≈≈
##§.≈.♣≈§..## .....
###### ### ♣♣.♣♣ ♣
♣♣


You could see a thorn hunter and a swamp worm.

Vanquished Creatures
  Jorgrun (D:15)
  Agnes (D:14)
  2 thorn hunters
  Kirke (D:12)
  2 orc warlords (Orc:1)
  A frost giant (IceCv)
  Louise (D:14)
  A dire elephant (D:15)
  Azrael (Orc:2)
  A minotaur (Gauntlet)
  Snorg (Orc:2)
  A great orb of eyes (D:15)
  Harold (D:8)
  An ice dragon (Orc:2)
  The ghost of Edwards80 the Grappler, a novice TrCK of Xom (Orc:1)
  4 ghost crabs
  2 death knights (D:13)
  A catoblepas (Lair:6)
  30 hydras
  3 centaur warriors
  Erolcha (D:9)
  4 shambling mangroves
  3 two-headed ogres
  17 alligators
  A queen ant (Gauntlet)
  2 tengu warriors
  8 death yaks
  A deep troll shaman (Lair:6)
  Urug (D:11)
  A spriggan berserker (Swamp:4)
  Sonja (Lair:1)
  Nergalle (D:12)
  5 skeletal warriors (D:15)
  3 unseen horrors
  8 swamp dragons
  2 wizards
  A lindwurm (Lair:6)
  A harpy (shapeshifter) (D:13)
  A wolf spider zombie (D:15)
  5 orc knights
  A necromancer (Gauntlet)
  A deep elf mage (D:12)
  10 ugly things
  4 oklob plants (Lair:2)
  2 cyclopes (D:12)
  2 manticores (D:15)
  2 black mambas (Lair:6)
  A salamander (D:15)
  An ice statue (IceCv)
  A centaur zombie (D:12)
  17 elephants
  Maurice (Orc:1)
  14 spiny frogs
  Psyche (D:9)
  2 gargoyles
  3 efreet
  5 rime drakes
  10 komodo dragons
  2 tengu conjurers (Gauntlet)
  10 trolls
  17 polar bears
  7 tyrant leeches
  A queen bee (shapeshifter) (D:15)
  12 hornets
  Grinder (D:3)
  17 blink frogs
  6 bog bodies
  5 dream sheep
  25 slime creatures
  10 hippogriffs
  A vampire (D:10)
  6 spriggans
  3 wraiths
  4 shadows
  A tarantella (shapeshifter) (D:15)
  55 yaks
  3 fire elementals (Orc:2)
  4 wyverns
  4 basilisks
  Grum (Lair:1)
  12 vampire mosquitoes
  A basilisk (shapeshifter) (D:15)
  A hungry ghost (D:10)
  2 hogs (D:12)
  Menkaure (D:4)
  An acid dragon (D:14)
  4 wargs
  4 nagas (Lair:4)
  5 soldier ants
  11 water moccasins
  2 hell hounds (Orc:2)
  8 swamp worms
  13 porcupines
  9 swamp drakes
  39 orc warriors
  5 ice beasts
  4 black bears
  An eye of draining (D:13)
  3 sky beasts
  12 ogres
  21 centaurs
  29 wolves
  10 crocodiles
  Blork the orc (D:6)
  17 bullfrogs
  4 big kobolds
  8 gnoll sergeants (Bailey)
  3 scorpions
  5 howler monkeys
  4 electric eels
  6 crimson imps
  A bullfrog zombie (D:5)
  4 hounds
  12 orc priests
  9 orc wizards
  A bullfrog skeleton (D:6)
  5 centaur skeletons
  2 jellies
  6 gnoll shamans (Bailey)
  6 iguanas
  6 worker ants
  A killer bee zombie (D:6)
  2 hound zombies (D:5)
  9 mummies
  Robin (D:2)
  22 gnolls
  10 adders
  2 shadow imps
  A white imp (D:6)
  3 oozes
  6 worms
  3 dart slugs
  6 leopard geckos
  97 orcs
  6 bats
  9 giant cockroaches
  A gnoll zombie (Ossuary)
  14 goblins
  15 hobgoblins
  6 jackals
  24 kobolds
  4 quokkas
  A ball python (D:2)
  11 frilled lizards
  A goblin zombie (D:6)
  5 hobgoblin zombies
  2 kobold skeletons (D:6)
  4 kobold zombies
  A leopard gecko skeleton (D:4)
  An orc zombie (Ossuary)
  2 quokka zombies
  4 rats
  A briar patch (Swamp:4)
  A plant (Lair:6)
971 creatures vanquished.

Vanquished Creatures (collateral kills)
  3 two-headed ogres
  An ogre (D:5)
  Terence (D:2)
5 creatures vanquished.

Vanquished Creatures (others)
  An alligator (Swamp:3)
  A death yak (IceCv)
  A swamp dragon (Swamp:4)
  A polar bear (IceCv)
  3 dancing weapons
  2 swamp worms (Swamp:4)
  A wolf (IceCv)
  A centaur (Orc:2)
  An orc (Orc:2)
  2 briar patches (Swamp:3)
  14 demonic plants (Gauntlet)
  6 fungi
  5 plants
39 creatures vanquished.

Grand Total: 1015 creatures vanquished

Notes
Turn   | Place    | Note
-------+----------+-------------------------------------------
     0 | D:1      | mopl the Kobold Enchanter began the quest for the Orb.
     0 | D:1      | Reached XP level 1. HP: 10/10 MP: 3/3
   201 | D:1      | Reached XP level 2. HP: 11/15 MP: 3/5
   205 | D:1      | Learned a level 2 spell: Ensorcelled Hibernation
   792 | D:1      | Reached XP level 3. HP: 17/19 MP: 3/6
   797 | D:1      | Learned a level 3 spell: Dazzling Spray
  1003 | D:2      | Noticed Robin
  1118 | D:2      | Noticed Terence
  1252 | D:3      | Noticed Grinder
  1369 | D:3      | Found a transporter.
  1504 | D:3      | Reached XP level 4. HP: 15/24 MP: 1/8
  1612 | D:3      | Paralysed by Grinder for 4 turns
  1634 | D:2      | Learned a level 3 spell: Confuse
  1988 | D:2      | Reached skill level 5 in Stealth
  1988 | D:2      | Reached skill level 1 in Ice Magic
  2162 | D:3      | Found a transporter.
  2176 | D:3      | Paralysed by Grinder for 3 turns
  2265 | D:4      | Reached XP level 5. HP: 28/28 MP: 1/9
  2496 | D:3      | Reached skill level 1 in Conjurations
  2670 | D:3      | Killed Grinder
  2670 | D:3      | Reached skill level 6 in Stealth
  2670 | D:3      | Reached XP level 6. HP: 24/32 MP: 0/11
  2915 | D:3      | Found a hazy altar of Hepliaklqana.
  2922 | D:3      | Found an ancient bone altar of Kikubaaqudgha.
  2922 | D:3      | Found a basalt altar of Yredelemnul.
  2923 | D:3      | Found an ornate altar of the Wu Jian Council.
  2991 | D:4      | Noticed Menkaure
  3058 | D:4      | Found a burning altar of Makhleb.
  3076 | D:4      | Noticed an Executioner
  3081 | D:4      | Noticed an orange demon
  3081 | D:4      | Noticed a hellwing
  3190 | D:4      | Killed Menkaure
  3190 | D:4      | Reached XP level 7. HP: 36/36 MP: 9/13
  3195 | D:4      | Learned a level 3 spell: Tukima's Dance
  3300 | D:4      | Found Webri's Gadget Shop.
  3321 | D:4      | Found Bargh's Weapon Shoppe.
  3350 | D:4      | Found a sparkling altar of Nemelex Xobeh.
  3393 | D:4      | Found Sisoogat's Book Boutique.
  3471 | D:4      | Found Gaufac's Antique Weapon Shoppe.
  3591 | D:4      | Found Etzesch's Antique Armour Boutique.
  3595 | D:4      | Bought a pair of runed boots for 187 gold pieces
  3680 | D:5      | Entered Level 5 of the Dungeon
  3806 | D:5      | Reached skill level 5 in Hexes
  3843 | D:5      | Reached skill level 7 in Stealth
  3861 | D:5      | Reached XP level 8. HP: 41/41 MP: 9/14
  3864 | D:5      | Found a sand-covered staircase.
  3886 | Ossuary  | Entered an ossuary
  4682 | D:4      | Bought a runed robe for 92 gold pieces
  4718 | D:5      | Reached skill level 8 in Stealth
  4750 | D:5      | Found a staircase to the Ecumenical Temple.
  4777 | Temple   | Entered the Ecumenical Temple
  6369 | D:2      | Killed Terence
  6397 | D:2      | Killed Robin
  6456 | D:6      | Reached skill level 9 in Stealth
  6456 | D:6      | Reached XP level 9. HP: 45/45 MP: 13/15
  6744 | D:6      | Found a glowing golden altar of the Shining One.
  6798 | D:6      | Noticed Blork the orc
  6881 | D:6      | Killed Blork the orc
  7470 | D:7      | Reached skill level 1 in Throwing
  7780 | D:7      | Reached skill level 10 in Stealth
  7817 | D:7      | Reached skill level 5 in Short Blades
  7949 | D:8      | Found the +10 large shield of Ignorance {rN+ Int-4}
  7954 | D:8      | Found a runed translucent door.
  8033 | D:8      | Found a runed translucent door.
  8040 | D:8      | Noticed an orange crystal statue
  8125 | D:8      | Noticed Harold
  8254 | D:8      | Found an opulent altar of Gozag.
  8397 | D:8      | Found a staircase to the Lair.
  8431 | D:8      | Noticed an elephant
  8444 | D:8      | Reached XP level 10. HP: 50/50 MP: 13/16
  8471 | D:8      | Killed an elephant
  8471 | D:8      | Reached skill level 11 in Stealth
  8471 | D:8      | Reached skill level 5 in Ice Magic
  8723 | D:9      | Found a shadowy altar of Dithmenos.
  8762 | D:9      | Noticed Erolcha
  8853 | D:9      | Noticed a two-headed ogre
  8887 | D:9      | Killed a two-headed ogre
  9065 | D:9      | Found a staircase to the Orcish Mines.
  9459 | D:9      | Noticed Psyche
  9466 | D:9      | Killed Psyche
  9466 | D:9      | Reached skill level 12 in Stealth
  9743 | D:10     | Entered Level 10 of the Dungeon
  9779 | D:10     | Noticed a wizard
  9796 | D:10     | Killed a wizard
  9796 | D:10     | Reached XP level 11. HP: 49/54 MP: 7/17
  9834 | D:9      | Became a worshipper of Dithmenos the Shadowed
  9921 | D:10     | Noticed a two-headed ogre
  9936 | D:10     | Noticed an unseen horror
  9947 | D:10     | Killed an unseen horror
  9947 | D:10     | Reached skill level 1 in Invocations
  9979 | D:10     | Killed a two-headed ogre
 10170 | D:10     | Noticed a two-headed ogre
 10178 | D:10     | Killed a two-headed ogre
 10178 | D:10     | Reached skill level 5 in Throwing
 10182 | D:10     | Reached skill level 13 in Stealth
 10743 | Lair:1   | Entered Level 1 of the Lair of Beasts
 11034 | Lair:1   | Reached skill level 10 in Hexes
 11089 | Lair:1   | Reached * piety under Dithmenos
 11142 | Lair:1   | Noticed Grum
 11173 | Lair:1   | Killed Grum
 11198 | Lair:1   | Noticed Sonja
 11202 | Lair:1   | Killed Sonja
 11264 | Lair:1   | Reached XP level 12. HP: 59/59 MP: 8/18
 11799 | Lair:2   | Reached skill level 14 in Stealth
 12719 | Lair:3   | Noticed a six-headed hydra
 12912 | Lair:3   | Got a pitted plate armour
 12923 | Lair:3   | Identified the +8 plate armour of Gozag's Esteem {Str+6}
                  | (You found it on level 3 of the Lair of Beasts)
 13036 | Lair:3   | Reached ** piety under Dithmenos
 13036 | Lair:3   | Reached skill level 5 in Invocations
 13271 | Lair:4   | Got a faintly humming ring mail
 13282 | Lair:4   | Identified the cursed +0 ring mail of the Monkey's Uncle
                  | {MP+9} (You found it on level 4 of the Lair of Beasts)
 13423 | Lair:4   | Reached skill level 15 in Stealth
 13438 | Lair:4   | Found a staircase to the Snake Pit.
 13572 | Lair:4   | Noticed a four-headed hydra
 13685 | Lair:3   | Killed a four-headed hydra
 13797 | Lair:4   | Reached XP level 13. HP: 63/63 MP: 14/19
 13972 | Lair:4   | Identified a scroll of acquirement
 14115 | Lair:3   | Reached skill level 10 in Short Blades
 14408 | Lair:5   | Noticed a four-headed hydra
 14525 | Lair:5   | Noticed a six-headed hydra
 14533 | Lair:5   | Killed a six-headed hydra
 14533 | Lair:5   | Reached skill level 16 in Stealth
 14671 | Lair:5   | Killed a four-headed hydra
 14702 | Lair:5   | Reached skill level 1 in Fighting
 15006 | Lair:5   | Reached *** piety under Dithmenos
 15311 | Lair:6   | Entered Level 6 of the Lair of Beasts
 15492 | Lair:6   | Found a staircase to the Slime Pits.
 15493 | Lair:6   | Found a viscous altar of Jiyva.
 15788 | Lair:6   | Reached XP level 14. HP: 72/72 MP: 17/20
 15882 | Lair:6   | Reached skill level 1 in Evocations
 16180 | Lair:6   | Reached **** piety under Dithmenos
 16679 | Lair:6   | Reached skill level 17 in Stealth
 16719 | Lair:6   | Got a bloodstained demon blade
 16720 | Lair:6   | Identified the +1 demon blade "Osuhyo" {vamp, MR+ Int+3}
                  | (You found it on level 6 of the Lair of Beasts)
 17063 | Orc:1    | Entered Level 1 of the Orcish Mines
 17214 | Orc:2    | Entered Level 2 of the Orcish Mines
 17214 | Orc:2    | Found a staircase to the Elven Halls.
 17335 | Orc:2    | Noticed Azrael
 17349 | Orc:2    | Found a frozen archway.
 17377 | Orc:2    | Reached skill level 5 in Dodging
 17420 | IceCv    | Entered an ice cave
 17452 | IceCv    | Reached ***** piety under Dithmenos
 17543 | IceCv    | Got a faintly humming ring mail
 17582 | IceCv    | Identified the +2 ring mail of Xugi {rN+ Str+5} (You found
                  | it in an ice cave)
 18258 | IceCv    | Noticed a frost giant
 18352 | IceCv    | Killed a frost giant
 18352 | IceCv    | Reached XP level 15. HP: 50/80 MP: 13/21
 18544 | IceCv    | Got a clouded copper ring
 18552 | IceCv    | Identified the ring "Isassoudd" {Wiz rF+} (You found it in
                  | an ice cave)
 18663 | Orc:2    | Killed Azrael
 18987 | Orc:1    | Noticed an orc warlord
 18990 | Orc:1    | Killed an orc warlord
 19219 | Orc:2    | Reached skill level 1 in Shields
 19529 | Orc:2    | Found Bituk's Jewellery Emporium.
 19529 | Orc:2    | Found Weoh's Book Shop.
 19578 | Orc:2    | Found Sicrid's General Store.
 19580 | Orc:2    | Found Nifryghi's Distillery.
 19587 | Orc:2    | Bought a potion of might for 64 gold pieces
 19593 | Orc:2    | Bought a potion of curing for 42 gold pieces
 19593 | Orc:2    | Bought a potion of curing for 42 gold pieces
 19593 | Orc:2    | Bought a potion of might for 56 gold pieces
 19593 | Orc:2    | Bought a potion of might for 56 gold pieces
 19593 | Orc:2    | Bought a potion of curing for 42 gold pieces
 19593 | Orc:2    | Bought a potion of curing for 42 gold pieces
 19593 | Orc:2    | Bought a potion of ambrosia for 112 gold pieces
 19837 | Orc:2    | Bought a book of Party Tricks for 550 gold pieces
 19844 | Orc:2    | Learned a level 6 spell: Invisibility
 19846 | Orc:2    | Learned a level 1 spell: Apportation
 19850 | Orc:2    | Noticed Snorg
 19864 | Orc:2    | Killed Snorg
 19902 | Orc:1    | Noticed Maurice
 19913 | Orc:1    | Killed Maurice
 19977 | Orc:1    | Found a runed translucent gate.
 19978 | Orc:1    | Found a runed translucent gate.
 19978 | Orc:1    | Found an opulent altar of Gozag.
 19979 | Orc:1    | Found a runed translucent gate.
 19981 | Orc:1    | Found Tarerph's Assorted Antiques.
 19982 | Orc:1    | Noticed Edwards80's ghost (novice TrCK)
 19986 | Orc:1    | Noticed an orc warlord
 19995 | Orc:1    | Killed Edwards80's ghost
 20000 | Orc:1    | Killed an orc warlord
 20043 | Orc:1    | Bought a scroll of identify for 58 gold pieces
 20043 | Orc:1    | Bought a scroll of identify for 58 gold pieces
 20322 | Orc:1    | Found Jup Poib's Antique Armour Shop.
 20529 | D:8      | Killed Harold
 20588 | D:9      | Killed Erolcha
 20588 | D:9      | Reached skill level 18 in Stealth
 20675 | D:11     | Noticed Urug
 20787 | D:11     | Reached skill level 5 in Fighting
 20853 | D:11     | Found a flagged portal.
 20877 | Bailey   | Entered a bailey
 21251 | D:11     | Killed Urug
 21318 | D:10     | Reached skill level 5 in Evocations
 21791 | D:12     | Reached ****** piety under Dithmenos
 21871 | D:12     | Noticed Rupert
 21921 | D:12     | Noticed Kirke
 21999 | D:12     | Found a gate leading to a gauntlet.
 22005 | D:12     | Paralysed by Rupert for 2 turns
 22011 | Gauntlet | Entered a Gauntlet
 22011 | Gauntlet | Found a transporter.
 22013 | Gauntlet | Found a large runed translucent door.
 22014 | Gauntlet | Found a large runed translucent door.
 22015 | Gauntlet | Found a large runed translucent door.
 22015 | Gauntlet | Found a large runed translucent door.
 22015 | Gauntlet | Found a runed translucent door.
 22015 | Gauntlet | Found a runed translucent door.
 22016 | Gauntlet | Found a large runed translucent door.
 22017 | Gauntlet | Found a large runed translucent door.
 22018 | Gauntlet | Found a large runed translucent door.
 22018 | Gauntlet | Found a large runed translucent door.
 22018 | Gauntlet | Found a large runed translucent door.
 22018 | Gauntlet | Found a large runed translucent door.
 22018 | Gauntlet | Found a large runed translucent door.
 22018 | Gauntlet | Found a large runed translucent door.
 22019 | Gauntlet | Found a large runed translucent door.
 22019 | Gauntlet | Found a large runed translucent door.
 22020 | Gauntlet | Found a large runed translucent door.
 22020 | Gauntlet | Found a large runed translucent door.
 22022 | Gauntlet | Found a transporter.
 22024 | Gauntlet | Found a transporter.
 22026 | Gauntlet | Found a transporter.
 22035 | Gauntlet | Found a runed translucent gate.
 22035 | Gauntlet | Found a runed translucent gate.
 22035 | Gauntlet | Found a runed translucent gate.
 22037 | Gauntlet | Found a transporter.
 22052 | Gauntlet | Found a transporter.
 22059 | Gauntlet | Found a transporter.
 22074 | Gauntlet | Found a transporter.
 22093 | Gauntlet | Found a transporter.
 22105 | Gauntlet | Found a transporter.
 22117 | Gauntlet | Found a transporter.
 22129 | Gauntlet | Found a transporter.
 22141 | Gauntlet | Found a transporter.
 22162 | Gauntlet | Found a transporter.
 22176 | Gauntlet | Found a transporter.
 22178 | Gauntlet | Found a transporter.
 22207 | Gauntlet | Found a transporter.
 22209 | Gauntlet | Found a transporter.
 22490 | Gauntlet | Reached XP level 16. HP: 53/87 MP: 23/23
 22504 | Gauntlet | Got a slimy helmet
 22515 | Gauntlet | Identified the +5 helmet of the Tired Wars {Dex+5} (You
                  | found it in a Gauntlet)
 22643 | Gauntlet | Identified the +8 war axe of Objectivity {protect, rN+}
 22734 | D:12     | Noticed Nergalle
 22762 | D:12     | Killed Nergalle
 22824 | D:12     | Reached skill level 5 in Spellcasting
 23028 | D:12     | Killed Kirke
 23483 | D:13     | Found Enopnux's Food Shop.
 24180 | D:13     | Got a faintly humming cloak
 24191 | D:13     | Identified the +0 cloak of Dyspraxia {rPois} (You acquired
                  | it on level 13 of the Dungeon)
 24358 | D:14     | Found Xism's Magic Scroll Boutique.
 24365 | D:14     | Bought a scroll of teleportation for 45 gold pieces
 24365 | D:14     | Bought a scroll of fog for 30 gold pieces
 24365 | D:14     | Bought a scroll of fear for 52 gold pieces
 24365 | D:14     | Bought a scroll of identify for 30 gold pieces
 24453 | D:14     | Noticed Louise
 24456 | D:14     | Reached skill level 10 in Invocations
 24461 | D:14     | Killed Louise
 24732 | D:14     | Noticed Agnes
 24757 | D:14     | Reached skill level 10 in Throwing
 24889 | D:14     | Killed Agnes
 25075 | D:15     | Entered Level 15 of the Dungeon
 25266 | D:15     | Noticed Jorgrun
 25414 | D:15     | Found a staircase to the Depths.
 25426 | D:15     | Reached skill level 19 in Stealth
 25485 | D:15     | Reached XP level 17. HP: 93/93 MP: 25/25
 25549 | D:15     | Killed Jorgrun
 25549 | D:15     | Reached XP level 18. HP: 99/99 MP: 20/26
 26298 | Lair:3   | Found a staircase to the Swamp.
 26327 | Swamp:1  | Entered Level 1 of the Swamp
 27913 | Swamp:2  | Paralysed by a hornet for 2 turns
 28290 | Swamp:2  | Got a fine robe
 28291 | Swamp:2  | Identified the cursed +0 robe of Spite {+Fly MR+ Slay+3}
                  | (You found it on level 2 of the Swamp)
 29084 | Swamp:4  | Entered Level 4 of the Swamp
 29084 | Swamp:4  | Identified Roxanne's Incunabulum of Clay
 29084 | Swamp:4  | Noticed Roxanne
 29236 | Swamp:4  | Reached skill level 5 in Shields
 29361 | Swamp:4  | Upgraded the game from 0.24.0-28-g17ded55e90 to
                  | 0.24.0-35-gdb84b6a5db
 29361 | Swamp:4  | Upgraded the game from 0.24.0-35-gdb84b6a5db to
                  | 0.24.0-37-gcf1ca852f1
 29373 | Swamp:4  | Reached XP level 19. HP: 105/105 MP: 25/28
 29406 | Swamp:4  | Reached skill level 15 in Hexes
 29499 | Swamp:4  | Reached skill level 20 in Stealth
 30047 | Swamp:4  | Killed from afar by a thorn hunter

Levels and vault maps discovered:
D:1:      minmay_arrival_glassed_features, layout_loops_corners
D:2:      layout_rooms, wad_floor_pattern_untrapped, uniq_robin, uniq_terence
D:3:      gammafunk_steamed_eel, layout_loops_ring, minitemple, uniq_grinder
D:4:      layout_loops_ring, lemuel_crystal_altar, serial_shops, shop, shop,
          nicolae_shop_crystal, shop, shop, mrwooster_statue_mirror,
          makhleb_altar_promises_db, uniq_menkaure
D:5:      layout_loops_ring, minmay_temple_entry_sparse_star,
          gup_ossuary_entry_pyramid, first_ration, kennysheep_minor_cross,
          minivault_25, minivault_1, hangedman_decor_diamond_cutter,
          minmay_starry_boxes
D:6:      layout_cave_pods, nicolae_tso_besieged_by_evil, uniq_blork_the_orc
D:7:      layout_rooms, grunt_ogre_cave
D:8:      layout_basic, grunt_gozag_breadcrumbs, david_lair_generic,
          chequers_guarded_unrand_ignorance, uniq_harold
D:9:      layout_stronghold, nicolae_overflow_hidden_temple, hiddenorc2_lemuel,
          uniq_erolcha, uniq_psyche
D:10:     layout_cave_pods
D:11:     layout_small_grid, enter_bailey_7, uniq_urug
D:12:     layout_small_grid, gauntlet_entry_generic, uniq_kirke, uniq_nergalle,
          uniq_rupert
D:13:     layout_rooms, grunt_vaults_entry_fortified, serial_shops,
          nicolae_shop_crystal
D:14:     layout_basic, serial_shops, shop, uniq_agnes, uniq_louise
D:15:     hangedman_depths_entry_try_elsewhere_first, layout_rooms,
          hex_intersection, hangedman_decor_lopped, minivault_5, uniq_jorgrun
Temple:   nicolae_temple_great_sept
Lair:1:   layout_cave_shapes, serial_bayou_shore_b, uniq_sonja, uniq_grum
Lair:2:   layout_regular_city, minmay_lair_oklob_chamber, lemuel_fruit_tree
Lair:3:   layout_chaotic_city, palyth_hydra_swamp_entry, serial_bayou_lagoon_b
Lair:4:   layout_big_grid, minmay_snake_entry_guardpost_small, serial_rivers,
          chequers_serial_rivers_micro_b, chequers_serial_rivers_room_b,
          chequers_serial_rivers_small_a, chequers_serial_rivers_large_b,
          serial_bayou_shore_b
Lair:5:   layout_roguey, beast_lair_carwin_1, grunt_megastairs_3
Lair:6:   grunt_lair_end_beastmaster, layout_regular_city, slime_altar_1,
          hibernation_bobbens
Swamp:1:  layout_falls_marsh, evilmike_swamp_ruin_house_3
Swamp:2:  layout_basic_swamp, evilmike_swamp_ruin_rubble_2
Swamp:3:  layout_basic_swamp, nicolae_swamp_stair_fork
Swamp:4:  swamp_basic_johnstein, layout_basic_swamp, swamp_pool3, uniq_roxanne
Orc:1:    layout_caves, ebering_ghost_gozag, serial_shops, nicolae_shop_crystal,
          uniq_maurice
Orc:2:    st_orc_rangers, layout_caves,
          portal_ice_cave_entry_animals_and_master, uniq_snorg, uniq_azrael

Skill      XL: |  1  2  3  4  5  6  7  8  9 10 11 12 13 14 15 16 17 18 19 |
---------------+----------------------------------------------------------+-----
Spellcasting   | 3 4 5 6 |  6.0
Stealth        | 5 6 7 9 10 12 13 15 16 17 18 19 20 | 20.0
Ice Magic      | 1 2 3 4 5 6 |  6.0
Conjurations   | 1 2 |  2.0
Hexes          | 4 5 6 7 9 10 11 12 13 14 15 | 15.0
Short Blades   | 2 4 5 7 8 9 10 11 12 14 | 14.0
Throwing       | 2 4 5 7 8 9 10 11 | 11.0
Invocations    | 3 5 6 8 9 10 11 12 | 12.1
Fighting       | 2 4 5 6 7 |  7.8
Dodging        | 3 5 6 7 8 9 |  9.2
Evocations     | 4 5 6 7 8 |  8.2
Shields        | 2 3 5 |  5.8

Action                   |  1- 3 |  4- 6 |  7- 9 | 10-12 | 13-15 | 16-18 | 19-21 || total
-------------------------+-------+-------+-------+-------+-------+-------+-------++-------
Melee: Dagger            |   126 |   192 |   473 |   310 |   864 |   635 |    68 ||  2668
       Quick blade       |       |       |       |       |       |       |     6 ||     6
Throw: Dart              |       |       |     1 |     1 |       |       |       ||     2
       Throwing net      |       |       |       |       |       |     4 |       ||     4
       Boomerang         |       |       |       |       |       |     7 |     1 ||     8
 Cast: Corona            |     4 |     1 |     3 |     7 |     3 |       |       ||    18
       Ensorcelled Hiber |    23 |    25 |    60 |    94 |   249 |    71 |    31 ||   553
       Confuse           |       |    11 |    37 |    24 |    40 |    51 |     4 ||   167
       Dazzling Spray    |       |       |     5 |     1 |     9 |    20 |     9 ||    44
       Tukima's Dance    |       |       |     2 |     9 |       |     3 |       ||    14
       Invisibility      |       |       |       |       |     9 |    16 |     2 ||    27
       Apportation       |       |       |       |       |       |     3 |       ||     3
Invok: Shadow Step       |       |       |       |       |     2 |     4 |     6 ||    12
       Shadow Form       |       |       |       |       |     1 |       |       ||     1
 Abil: Evoke Flight      |       |       |       |       |       |     7 |       ||     7
Evoke: Wand              |       |       |     8 |     3 |     4 |    29 |     6 ||    50
  Use: Scroll            |     3 |       |     5 |    11 |    19 |    16 |     1 ||    55
       Potion            |       |       |       |       |     6 |     2 |     3 ||    11
 Stab: Sleeping          |    17 |    20 |    67 |    98 |   216 |   140 |    20 ||   578
       Confused          |       |     8 |    24 |    13 |    25 |    27 |     1 ||    98
       Distracted        |       |       |     1 |     1 |     4 |     2 |       ||     8
       Invisible         |       |       |     1 |       |    68 |    36 |    12 ||   117
       Petrified         |       |       |       |       |     4 |       |       ||     4
       Paralysed         |       |       |       |       |     1 |     1 |       ||     2
       Held in net/web   |       |       |       |       |       |     2 |       ||     2
  Eat: Chunk             |    11 |     7 |    22 |    20 |    39 |    33 |       ||   132
Armor: Robe              |    21 |    15 |    92 |    28 |    73 |    54 |     9 ||   292
Dodge: Dodged            |    81 |    95 |   277 |   214 |   778 |   497 |   128 ||  2070
       Deflected         |       |       |       |       |    24 |     4 |       ||    28
Block: Other             |    20 |     1 |       |       |       |       |       ||    21
       Shield            |       |       |       |       |       |     2 |       ||     2
